 Dungeon Crawl Stone Soup version 0.19.1 (webtiles) character file.

413 Promit the Digger (level 6, -4/32 HPs)
             Began as a Gargoyle Earth Elementalist on Dec 22, 2016.
             Slain by Duvessa
             ... wielding a +3 rapier of holy wrath
              (16 damage)
             ... on level 4 of the Dungeon.
             The game lasted 00:11:47 (4562 turns).

Promit the Digger (Gargoyle Earth Elementalist)     Turns: 4562, Time: 00:11:47

Health: -4/32      AC:  6    Str: 11    XL:     6   Next: 91%
Magic:  8/13       EV: 12    Int: 18    God:
Gold:   147        SH:  0    Dex: 10    Spells: 3 memorised, 6 levels left

rFire  + . .     SeeInvis .     b - 62 stones
rCold  x . .     Gourm    .     c - +0 robe
rNeg   + . .     Faith    .     (no shield)
rPois  ∞         Spirit   .     (no helmet)
rElec  +         Reflect  .     (no cloak)
rCorr  .         Harm     .     (no gloves)
MR     .....                    (no boots)
Stlth  ++........               (no amulet)
                                (no ring)
                                o - ring of fire

@: about to teleport
A: negative energy resistance 1, electricity resistance, unbreathing,
petrification resistance, rot immunity, AC +4
a: no special abilities


You were on level 4 of the Dungeon.
You were not hungry.

You visited 1 branch of the dungeon, and saw 4 of its levels.

You collected 147 gold pieces.

Inventory:

Hand Weapons
 f - a +0 mace
 i - a +3 spear
Missiles
 b - 62 stones (in hand)
Armour
 c - a +0 robe (worn)
Jewellery
 o - a ring of fire (left hand)
Scrolls
 n - a scroll of teleportation
 p - a scroll of recharging
Potions
 g - a potion of curing
 l - a potion of flight
 m - a potion of heal wounds {unknown}
 q - a potion of degeneration {unknown}
 r - a potion of mutation {unknown}
 s - 2 potions of invisibility
Books
 e - a book of Geomancy

   Spells                             Type                      Level
   a - Sandblast                      Earth                        1
   b - Passwall                       Transmutation/Earth          2
   c - Stone Arrow                    Conjuration/Earth            3
   d - Petrify                        Transmutation/Earth          4
   e - Lee's Rapid Deconstruction     Earth                        5
Comestibles
 a - 2 slices of pizza
 d - 2 bread rations
 j - 3 fruits
 t - 3 beef jerkies


   Skills:
 - Level 1.5 Dodging
 - Level 2.1 Stealth
 * Level 5.0 Spellcasting
 + Level 3.2 Conjurations
   Level 0.7 Transmutations
 + Level 5.3 Earth Magic


You had 6 spell levels left.
You knew the following spells:

 Your Spells              Type           Power        Failure   Level  Hunger
a - Sandblast             Erth           ###...       1%          1    None
b - Stone Arrow           Conj/Erth      ###...       10%         3    ##.....
c - Lee's Rapid Deconstr  Erth           ###.......   41%         5    ######.


Dungeon Overview and Level Annotations

Branches:
Dungeon (4/15)
 Temple: D:4-7

Altars:
Nemelex Xobeh
Xom

Annotations:
D:4 Duvessa


Innate Abilities, Weirdness & Mutations

You are resistant to torment.
Your stone body is resilient. (AC +4)
You are immune to poison.
You resist negative energy. (rN+)
You are resistant to electric shocks. (rElec)
You can survive without breathing.
You are immune to petrification.
You are immune to rotting.


Message History

Aiming: Sandblast
Press: ? - help, Shift-Dir - straight line, f/p - Duvessa
Aim: Duvessa, wielding a rapier of holy wrath and wearing a leather armour (lightly wounded, berserk, fast, unusually strong)
The rocky blast hits Duvessa.
Duvessa is moderately wounded.
Duvessa hits you with a rapier of holy wrath!
Duvessa barely misses you.
Unknown command.
Unknown command.
As you read the scroll of teleportation, it crumbles to dust.
You feel strangely unstable.
Duvessa hits you with a rapier of holy wrath.
* * * LOW HITPOINT WARNING * * *
Unknown command.
You feel better.
Duvessa hits you with a rapier of holy wrath.
Unknown command.
Duvessa hits you with a rapier of holy wrath!
Ouch! That really hurt!
You die...

*,**,,,,* *,***,*,*
*,,,,,,,* *****,,,,
*,*** ##### *,,,.
##...## *,**.
*********######.###.#
*,***
*,,,,,,,*#.@......#.#
*,*##
*,*****,*#e####.#.#.#
*,,.. *,*,,,*,*#.#
##...## ***##
*,*......).# ##.######
*,*...#e#### #......#
*,,,,..,* ######.#
*,,...,,* ####.#
*,*..,*,*####### ##.##.#
*,*.,,*,*#.....###.#.#.#
###


You could see Duvessa (berserk).

Vanquished Creatures
  An ogre (D:4)
  Dowan (D:4)
  An orc priest (D:3)
  A bullfrog skeleton (D:4)
  Natasha (D:4)
  6 adders
  4 gnolls (D:3)
  A worm (D:3)
  5 dart slugs
  A leopard gecko (D:2)
  9 orcs
  6 bats
  10 giant cockroaches
  10 hobgoblins
  5 jackals
  A quokka (D:2)
  2 ball pythons
  2 frilled lizards
  5 goblins
  8 kobolds
  7 rats
87 creatures vanquished.

Notes
Turn   | Place    | Note
-------+----------+-------------------------------------------
     0 | D:1      | Promit the Gargoyle Earth Elementalist began the quest for the Orb.
     0 | D:1      | Reached XP level 1. HP: 10/10 MP: 3/3
   234 | D:1      | Reached XP level 2. HP: 15/15 MP: 0/5
   766 | D:1      | Reached XP level 3. HP: 11/19 MP: 7/7
   771 | D:1      | Learned a level 3 spell: Stone Arrow
  1790 | D:2      | Reached skill level 1 in Conjurations
  1790 | D:2      | Reached XP level 4. HP: 24/24 MP: 8/8
  2353 | D:2      | Reached XP level 5. HP: 26/28 MP: 10/10
  2480 | D:2      | Learned a level 5 spell: Lee's Rapid Deconstruction
  3729 | D:3      | Found a sparkling altar of Nemelex Xobeh.
  4024 | D:3      | Found a shimmering altar of Xom.
  4090 | D:4      | Noticed an ogre
  4093 | D:4      | Killed an ogre
  4093 | D:4      | Reached skill level 5 in Earth Magic
  4093 | D:4      | Reached XP level 6. HP: 32/32 MP: 8/12
  4379 | D:4      | Noticed Natasha
  4391 | D:4      | Killed Natasha
  4549 | D:4      | Noticed Dowan
  4552 | D:4      | Killed Dowan
  4552 | D:4      | Reached skill level 5 in Spellcasting
  4555 | D:4      | Noticed Duvessa
  4562 | D:4      | Slain by Duvessa

Skill      XL: |  1  2  3  4  5  6 |
---------------+-------------------+-----
Earth Magic    | 4 5 |  5.3
Spellcasting   | 3 4 5 |  5.0
Conjurations   | 1 3 |  3.2
Dodging        | |  1.5
Stealth        | |  2.1
Transmutations | |  0.7

Action                   |  1- 3 |  4- 6 || total
-------------------------+-------+-------++-------
Melee: Spear             |   124 |   123 ||   247
 Cast: Sandblast         |     7 |    43 ||    50
       Stone Arrow       |       |     5 ||     5
  Use: Scroll            |     4 |     8 ||    12
       Potion            |       |     2 ||     2
 Stab: Sleeping          |     7 |     1 ||     8
       Invisible         |       |     1 ||     1
  Eat: Chunk             |     3 |     9 ||    12
Armor: Robe              |    31 |    42 ||    73
Dodge: Dodged            |    67 |    90 ||   157
